 Dungeon Crawl Stone Soup version 0.17.2-1-ge4368a0 (webtiles) character file.

882 Goblin1989 the Basher (level 7, 0/50 HPs)
             Began as a Demonspawn Gladiator on Aug 5, 2016.
             Was an Initiate of Cheibriados.
             Shot with an arrow by a centaur (7 damage)
             ... on level 5 of the Dungeon.
             The game lasted 00:07:37 (3613 turns).

Goblin1989 the Basher (Demonspawn Gladiator)        Turns: 3613, Time: 00:07:37

Health: 0/50       AC:  6    Str: 21    XL:     7   Next: 76%
Magic:  7/7        EV:  9    Int: 11    God:    Cheibriados [......]
Gold:   420        SH:  7    Dex: 14    Spells: 0 memorised, 6 levels left

rFire  . . .     SeeInvis .     a - +0 flail
rCold  . . .     Clarity  .     n - +0 ring mail (curse)
rNeg   . . .     SustAt   .     o - +0 shield
rPois  .         Gourm    .     c - +0 helmet
rElec  .         Spirit   .     (no cloak)
rCorr  .         Warding  .     (no gloves)
rMut   .         Stasis   .     (no boots)
MR     .....                    (no amulet)
Stlth  +.........               (no ring)
                                q - +3 ring of strength (curse)

@: very slow, not resistant to hostile enchantments, very unstealthy
A: powered by death 2, spiny 1
a: Bend Time, Renounce Religion


You were on level 5 of the Dungeon.
You worshipped Cheibriados.
Cheibriados was noncommittal.
You were not hungry.

You visited 1 branch of the dungeon, and saw 5 of its levels.
You also visited: Ossuary.

You collected 420 gold pieces.

Inventory:

Hand Weapons
 a - a +0 flail (weapon)
Missiles
 d - 3 throwing nets (quivered)
Armour
 c - a +0 helmet (worn)
 n - a cursed +0 ring mail (worn)
 o - a +0 shield (worn)
 t - a +0 chain mail
Jewellery
 q - a cursed +3 ring of strength (left hand)
 x - an uncursed ring of protection from cold {unknown}
Wands
 y - a wand of polymorph (10)
Scrolls
 f - 3 scrolls of blinking {unknown}
 g - 4 scrolls of remove curse {unknown}
 i - a scroll of teleportation
 k - a scroll of magic mapping {unknown}
 m - 4 scrolls of identify
 p - a scroll of fear
 v - a scroll of amnesia {unknown}
Potions
 h - a potion of might
 s - a potion of invisibility {unknown}
 u - a potion of flight
 w - a potion of curing {unknown}
Comestibles
 b - a royal jelly
 e - 5 bread rations
 j - 3 beef jerkies
 l - 6 fruits
 r - a meat ration


   Skills:
 - Level 2.0 Fighting
 + Level 8.6 Maces & Flails
 - Level 1.7 Throwing
 - Level 2.6 Dodging


You had 6 spell levels left.
You didn't know any spells.

Dungeon Overview and Level Annotations

Branches:
Dungeon (5/15)
 Temple: D:4-7

Altars:
Cheibriados

Annotations:
D:4 Goblin1989's ghost, amateur DsGl


Innate Abilities, Weirdness & Mutations

You regenerate health from kills.
You are partially covered in sharp spines.


Message History

Goblin1989's ghost is severely damaged.
Goblin1989's ghost says, "I'll split you in two!"
Goblin1989's ghost hits you.
* * * LOW HITPOINT WARNING * * *
The hound stops to sniff the ground.
You take 2 damage, and have 13/50 hp.
You hit Goblin1989's ghost.
Goblin1989's ghost is almost destroyed.
You block Goblin1989's ghost's attack.
You hit Goblin1989's ghost but do no damage.
Goblin1989's ghost is almost destroyed.
Goblin1989's ghost is struck by your spines.
Goblin1989's ghost hits you!
* * * LOW HITPOINT WARNING * * *
You take 9 damage, and have 5/50 hp.
You hit Goblin1989's ghost.
You destroy Goblin1989's ghost!
Cheibriados appreciates the change of pace.
The centaur wields a shortbow.
The centaur shoots an arrow.
The arrow hits you!
You die...

#.# #.# . #.# .. #..
.. ##.# .# #..# w.
#.!###r###.#
#.%.@.ch...#
#.#######.##
###........
##########..........
#[..>..........#####
#.########.#.### #.#
#.### ##.# #.#
...########.#


You could see a centaur, a worm, a hound and a quokka.

Vanquished Creatures
  The ghost of Goblin1989 the Chopper, an amateur HOGl (D:5)
  A phantom (D:3)
  An ogre (D:3)
  The ghost of Goblin1989 the Insei, an amateur DsMo (D:3)
  2 elf zombies (Ossuary)
  A jelly (D:5)
  3 worker ants (D:4)
  An iguana (D:5)
  2 big kobold zombies (Ossuary)
  A hound zombie (D:4)
  2 mummies (Ossuary)
  6 adders
  3 oozes
  An adder skeleton (D:4)
  A worm (D:2)
  4 giant geckos
  A ball python (D:4)
  3 gnoll zombies (Ossuary)
  6 hobgoblins
  7 jackals
  10 bats
  2 giant cockroaches
  A giant gecko skeleton (D:4)
  5 giant newts
  8 goblins
  2 goblin zombies (Ossuary)
  4 hobgoblin zombies (Ossuary)
  A jackal skeleton (D:4)
  5 kobolds
  An orc zombie (Ossuary)
  7 rats
94 creatures vanquished.

Vanquished Creatures (others)
  A giant cockroach (D:2)
1 creature vanquished.

Grand Total: 95 creatures vanquished

Notes
Turn   | Place    | Note
--------------------------------------------------------------
     0 | D:1      | Goblin1989 the Demonspawn Gladiator began the quest for the Orb.
     0 | D:1      | Reached XP level 1. HP: 16/16 MP: 1/1
    79 | D:1      | Reached skill level 3 in Maces & Flails
   485 | D:1      | Gained mutation: You regenerate a little health from kills. [demonic ancestry]
   485 | D:1      | Reached XP level 2. HP: 20/22 MP: 2/2
   816 | D:2      | Reached XP level 3. HP: 20/27 MP: 3/3
   936 | D:2      | Reached skill level 4 in Maces & Flails
  1234 | D:2      | Reached XP level 4. HP: 29/33 MP: 4/4
  1909 | D:3      | Noticed Goblin1989's ghost (amateur DsMo)
  2064 | D:3      | Reached skill level 5 in Maces & Flails
  2167 | D:3      | Noticed an ogre
  2174 | D:3      | Killed an ogre
  2174 | D:3      | Gained mutation: You are partially covered in sharp spines. [demonic ancestry]
  2174 | D:3      | Reached XP level 5. HP: 38/38 MP: 5/5
  2196 | D:3      | Killed Goblin1989's ghost
  2196 | D:3      | Reached skill level 6 in Maces & Flails
  2196 | D:3      | Gained mutation: You regenerate health from kills. [demonic ancestry]
  2196 | D:3      | Reached XP level 6. HP: 39/44 MP: 6/6
  2326 | D:3      | Noticed a phantom
  2344 | D:3      | Killed a phantom
  2732 | D:4      | Found a sand-covered staircase.
  2740 | Ossuary  | Entered an ossuary
  2884 | Ossuary  | Reached skill level 7 in Maces & Flails
  2913 | Ossuary  | Reached XP level 7. HP: 27/50 MP: 7/7
  3414 | D:4      | Found a snail-covered altar of Cheibriados.
  3418 | D:4      | Reached skill level 8 in Maces & Flails
  3465 | D:4      | Noticed Goblin1989's ghost (amateur DsGl)
  3472 | D:4      | Became a worshipper of Cheibriados the Contemplative
  3476 | D:5      | Entered Level 5 of the Dungeon
  3595 | D:5      | Noticed Goblin1989's ghost (amateur HOGl)
  3613 | D:5      | Killed Goblin1989's ghost
  3613 | D:5      | Shot with an arrow by a centaur

Action                   |  1- 3 |  4- 6 |  7- 9 || total
-------------------------+-------+-------+-------++-------
Melee: Flail             |   141 |   177 |    50 ||   368
  Use: Potion            |     1 |     2 |       ||     3
       Scroll            |       |     5 |       ||     5
  Eat: Chunk             |     1 |     5 |     3 ||     9
